 Dungeon Crawl Stone Soup version 0.23-a0-655-g3751e1c (console) character file.

138 Duffy the Conjurer (level 5, 2/35 HPs)
             Began as a Demonspawn Fire Elementalist on Jan 7, 2019.
             Quit the game on level 3 of the Dungeon.
             The game lasted 00:04:24 (3030 turns).

Duffy the Conjurer (Demonspawn Fire Elementalist)   Turns: 3030, Time: 00:04:25

Health: 2/35       AC:  4    Str:  8    XL:     5   Next: 1%
Magic:  2/8        EV: 17    Int: 17    God:
Gold:   101        SH:  0    Dex: 19    Spells: 4/8 levels left

rFire    . . .     SeeInvis .   a - +0 quarterstaff
rCold    . . .     Gourm    .   (shield currently unavailable)
rNeg     . . .     Faith    .   g - +0 leather armour
rPois    .         Spirit   .   (no helmet)
rElec    .         Reflect  .   (no cloak)
rCorr    .         Harm     .   h - +0 pair of gloves
MR       .....                  (no boots)
Stlth    +++.......             (no amulet)
HPRegen  0.11/turn              b - ring of attention (curse)
MPRegen  0.11/turn              (no ring)

@: agile
A: nightstalker 1, rot immunity
a: no special abilities


You were on level 3 of the Dungeon.
You were hungry.

You visited 1 branch of the dungeon, and saw 3 of its levels.

You collected 101 gold pieces.

Inventory:

Hand Weapons
 a - a +0 quarterstaff (weapon)
 d - a +0 whip
Armour
 g - a +0 leather armour (worn)
 h - a +0 pair of gloves (worn)
Jewellery
 b - a cursed ring of attention (left hand)
Scrolls
 e - a scroll of fear {unknown}
 i - a scroll of enchant armour {unknown}
 j - a scroll of immolation {unknown}
 k - a scroll of enchant weapon {unknown}
 l - a scroll of identify {unknown}
Comestibles
 c - 2 rations


   Skills:
 - Level 1.7 Dodging
 - Level 1.7 Stealth
 - Level 2.2 Spellcasting
 + Level 4.6 Conjurations
 - Level 2.9 Fire Magic


You had 4 spell levels left.
You knew the following spells:

 Your Spells              Type           Power        Failure   Level  Hunger
h - Flame Tongue          Conj/Fire      ##...        6%          1    #......
l - Conjure Flame         Conj/Fire      ##......     19%         3    ###....

Your spell library contained the following spells:

 Spells                   Type           Power        Failure   Level  Hunger
 Throw Flame              Conj/Fire      ##....       9%          2    ###....
 Inner Flame              Hex/Fire       #.......     41%         3    ###....
 Sticky Flame             Conj/Fire      ##......     52%         4    #####..
 Fireball                 Conj/Fire      ##........   86%         5    ######.


Dungeon Overview and Level Annotations

Branches:
Dungeon (3/15)

Altars:
Ashenzari

Annotations:
D:2 1 runed door, exclusions: giant cockroach, 2 gnolls and hound


Innate Abilities, Weirdness & Mutations

You are slightly more attuned to the shadows.
You are immune to rotting.


Message History

You closely miss something. Something hits you but does no damage.
You bump into the rock wall.
Something hits you.
You bump into the rock wall.
You hear some strange, mumbled words.
A puff of flame appears from out of thin air!
The puff of flame hits you!
You barely miss something.
You feel less confused. Something hits you but does no damage.
Casting: Flame Tongue (safe; 6% risk of failure)
Confirm with . or Enter, or press ? or * to list all spells.
Aiming: Flame Tongue (safe; 6% risk of failure)
Press: ? - help, Shift-Dir - straight line, f - you The flame tongue hits something.
Reactivating autopickup.
You have reached level 5!
Your demonic ancestry asserts itself...
You feel immune to rotting.
You feel a bit more experienced.
Are you sure you want to abandon this character and quit the game? (Confirm

#...# #...#
#.#.# #.#.# #.#
#.#.# #.# #.#.#
#.# #.### #.#
#.# #.# #@#
#######.######)#
.....)...$.....#
###.....########
#.##### #


There were no monsters in sight!

Vanquished Creatures
  An orc wizard (D:3)
  3 adders
  3 gnolls (D:3)
  2 leopard geckos
  2 orcs (D:3)
  A ball python (D:1)
  2 bats
  5 giant cockroaches
  11 goblins
  2 hobgoblins (D:2)
  5 jackals
  7 kobolds
  3 frilled lizards (D:1)
  2 rats (D:1)
49 creatures vanquished.

Notes
Turn   | Place    | Note
-------+----------+-------------------------------------------
     0 | D:1      | Duffy the Demonspawn Fire Elementalist began the quest for
                  | the Orb.
     0 | D:1      | Reached XP level 1. HP: 13/13 MP: 3/3
   496 | D:1      | Gained mutation: You are slightly more attuned to the
                  | shadows. [demonic ancestry]
   496 | D:1      | Reached XP level 2. HP: 19/19 MP: 3/5
  1075 | D:1      | Reached skill level 2 in Conjurations
  1589 | D:2      | Found a shattered altar of Ashenzari.
  1642 | D:2      | Reached XP level 3. HP: 24/24 MP: 4/6
  1647 | D:2      | Learned a level 3 spell: Conjure Flame
  1896 | D:2      | Reached skill level 3 in Conjurations
  1934 | D:2      | Found a faded altar of an unknown god.
  2000 | D:2      | Found a runed door.
  2164 | D:2      | Reached XP level 4. HP: 30/30 MP: 2/7
  2808 | D:3      | Reached skill level 4 in Conjurations
  3027 | D:3      | HP: 1/30 [something/puff of flame (3)]
  3029 | D:3      | Gained mutation: You are immune to rotting. [demonic
                  | ancestry]
  3029 | D:3      | Reached XP level 5. HP: 2/35 MP: 1/8
  3030 | D:3      | Quit the game

Vault maps used:
D:1:      nagdon_arrival_double_spiral
D:2:      kennysheep_the_goblin_king, evilmike_ruin_ashenzari,
          chequers_ecumenical_altar_grove, uniq_crazy_yiuf_cottage
D:3:      marbit_many_paths, nicolae_ru_sacrificial_ziggurat, first_ration,
          chequers_jeans

Skill      XL: |  1  2  3  4 |
---------------+-------------+-----
Conjurations   | 2 3 4 |  4.6
Dodging        | |  1.7
Stealth        | |  1.7
Spellcasting   | |  2.2
Fire Magic     | |  2.9

Action                   |  1- 3 |  4- 6 || total
-------------------------+-------+-------++-------
Melee: Unarmed           |    17 |       ||    17
       Whip              |     2 |     7 ||     9
       Quarterstaff      |       |    10 ||    10
 Cast: Flame Tongue      |    63 |    32 ||    95
  Use: Potion            |       |     1 ||     1
  Eat: Chunk             |     5 |     2 ||     7
Armor: Robe              |    13 |       ||    13
       Leather armour    |       |     7 ||     7
Dodge: Dodged            |    46 |     9 ||    55

Table legend:
 A = Non-vault XP
 B = Vault XP
 C = Vault XP percentage of total XP
 D = Non-vault monster count
 E = Vault monster count
 F = Vault count percentage of total count
                 A         B        C        D         E       F
            +---------+---------+-------+---------+---------+-------
      Total |     185 |      13 |   6.6 |      42 |       7 |  14.3
            +---------+---------+-------+---------+---------+-------
        D:1 |      48 |       0 |   0.0 |      21 |       0 |   0.0
        D:2 |      50 |      13 |  20.6 |      13 |       7 |  35.0
        D:3 |      87 |       0 |   0.0 |       8 |       0 |   0.0
            +---------+---------+-------+---------+---------+-------
